Map: Dreamcatcher LE

Players

vLDemonizer

  • Race: Terran Terran
  • League: Master
  • Spawn Location: 11:00

Stukov - Winner!

  • Race: Zerg Zerg
  • League: Master
  • Spawn Location: 5:00

VOD

Have the link to the VOD?

Description

Time

  • Played on: Sept. 19, 2018, 9:35 a.m.
  • Length: 13:04
Show
View Real Time Build Order
Export as new Build Order

vLDemonizer Terran 

Build Orders: Reaper Expand, MMM Bio 

Get SALT Encoding   

  12  0:01  SCV  
  13  0:13  SCV  
  14  0:18  Supply Depot  
  14  0:25  SCV  
  15  0:39  SCV  
  15  0:42  Barracks  
  16  0:48  Refinery  
  16  0:54  SCV  
  17  1:07  SCV  
  18  1:19  SCV  
  19  1:31  Orbital Command  
  19  1:33  Reaper  
  20  1:43  Command Center  
  20  1:55  Barracks  
  20  1:58  SCV  
  21  2:05  Barracks Reactor  
  21  2:10  SCV, Supply Depot  
  22  2:22  SCV  
  23  2:33  Supply Depot  
  23  2:36  SCV  
  24  2:37  Factory  
  24  2:42  Marine x2  
  24  2:43  Marine  
  26  2:52  SCV  
  27  3:05  SCV  
  27  3:11  Marine x3  
  30  3:15  Refinery  
  30  3:17  SCV  
  31  3:22  Cyclone  
  34  3:29  SCV, Marine x2  
  34  3:31  Barracks, Barracks Tech Lab  
  37  3:38  Supply Depot  
  37  3:41  SCV  
  38  3:42  Supply Depot  
  38  3:47  Marine  
  39  3:50  Combat Shields  
  39  4:00  SCV, Marine x2  
  42  4:05  Marine  
  42  4:07  Cyclone  
  46  4:12  SCV  
  46  4:13  Supply Depot  
  47  4:18  Marine x2  
  47  4:20  Marine  
  47  4:22  Marine  
  51  4:24  SCV  
  51  4:29  Supply Depot  
  52  4:35  Marine x2  
  52  4:38  Marine  
  55  4:39  Cyclone  
  55  4:40  Marine  
  59  4:53  Marine x2  
  59  4:55  Marine  
  59  4:58  Marine  
  60  5:11  Marine x2  
  60  5:13  Cyclone, Marine  
  63  5:16  Marine  
  56  5:26  SCV  
  56  5:29  Marine x2  
  56  5:31  Marine  
  57  5:43  Marine  
  57  5:45  Cyclone  
  57  5:47  Marine  
  57  5:49  SCV  
  63  5:51  Marine x2  
  65  6:01  Marine  
  63  6:06  Marine  
  63  6:08  Marine  
  58  6:11  Marine  
  50  6:19  Marine  
  50  6:20  Cyclone  
  50  6:24  Marine  
  52  6:26  Marine  
  52  6:29  Marine  
  52  6:30  Command Center  
  52  6:31  SCV  
  55  6:34  Stimpack  
  55  6:38  Marine  
  56  6:41  Marine  
  56  6:43  SCV  
  58  6:48  Marine x2  
  60  6:55  SCV  
  60  6:56  Marine  
  55  7:01  Marine  
  55  7:02  Cyclone  
  55  7:07  SCV  
  53  7:09  Marine  
  53  7:12  Barracks Reactor  
  53  7:14  Marine  
  54  7:19  Marine  
  54  7:20  SCV  
  55  7:27  Marine  
  56  7:35  Command Center  
  56  7:38  Marine x2  
  56  7:43  Factory Reactor  
  58  7:44  Starport  
  58  7:45  Orbital Command  
  58  7:49  Marine x2  
  58  7:51  Marine  
  61  7:56  Engineering Bay  
  61  7:58  SCV  
  62  7:59  Marine  
  62  8:00  Marine  
  64  8:09  Marine x2  
  64  8:10  Marine  
  67  8:16  SCV x2, Refinery  
  67  8:17  Refinery  
  67  8:18  Marine  
  67  8:19  Marine  
  71  8:26  Medivac x2  
  75  8:29  Terran Infantry Weapons Level 1  
  75  8:32  SCV x2  
  77  8:34  Marine  
  77  8:36  Marine  
  77  8:39  Factory Reactor  
  77  8:41  Marine x3  
  82  8:50  SCV  
  82  8:51  SCV  
  82  8:52  Marine  
  85  9:00  Barracks x2, Marine x2  
  87  9:04  SCV x2  
  87  9:09  Orbital Command  
  89  9:16  SCV x2  
  91  9:17  Marine x3  
  91  9:21  Marine x2  
  91  9:22  Widow Mine  
  100  9:24  Widow Mine  
  100  9:30  SCV  
  101  9:37  Armory  
  101  9:39  Engineering Bay  
  101  9:51  Supply Depot  
  101  9:52  Supply Depot, Marine x2  
  100  9:53  Marine  
  100  9:56  Marine x2  
  100  9:57  Marine  
  100  9:58  SCV, Marine  
  100  9:59  SCV  
  96  10:10  Marine x2  
  96  10:13  Marine x3  
  65  10:40  Marine x5  
  64  10:45  SCV x2  
  64  10:49  Marine  
  67  10:58  SCV x2  
  67  11:05  SCV  
  67  11:10  SCV x2  
  69  11:17  SCV, Marine x4  
  74  11:23  SCV  
  75  11:30  Orbital Command  
  75  11:38  Medivac x2  
  75  11:39  Marine x2  
  80  11:42  Marine x3  
  81  11:58  SCV x3  
  80  12:18  Marine x3  
  80  12:19  Marine x4  
  80  12:20  Medivac x2, Widow Mine x2  
  74  12:36  Marine x3  
  64  12:40  Marine x2  
Show
View Real Time Build Order
Export as new Build Order

Stukov Zerg - Winner!

Build Orders: Pool First 

Get SALT Encoding   

  12  0:01  Drone  
  13  0:12  Overlord  
  13  0:17  Drone  
  14  0:30  Drone  
  14  0:31  Drone  
  16  0:41  Spawning Pool  
  15  0:45  Drone  
  15  0:49  Drone  
  17  1:12  Hatchery  
  17  1:14  Drone  
  17  1:28  Zergling x6  
  20  1:35  Queen  
  22  1:40  Overlord  
  22  2:04  Drone  
  22  2:05  Drone  
  24  2:11  Queen  
  26  2:18  Hatchery  
  26  2:20  Extractor  
  26  2:22  Drone  
  25  2:25  Drone  
  26  2:39  Drone  
  26  2:42  Queen  
  29  2:48  Drone x3  
  31  3:02  Drone x4  
  34  3:08  Overlord  
  34  3:11  Drone  
  34  3:17  Drone  
  35  3:22  Metabolic Boost  
  35  3:29  Overlord, Drone x2  
  37  3:35  Drone x3  
  37  3:37  Drone  
  37  3:40  Drone  
  43  3:41  Drone  
  43  3:46  Queen  
  45  3:50  Zergling x4  
  47  3:59  Overlord, Drone x2  
  47  4:00  Drone  
  50  4:06  Drone x4  
  54  4:18  Overlord  
  54  4:21  Drone, Extractor  
  54  4:22  Drone x2  
  56  4:30  Overlord  
  56  4:32  Drone x2  
  56  4:35  Evolution Chamber  
  56  4:38  Evolution Chamber, Zergling x2  
  56  4:39  Zergling x12  
  56  4:44  Queen  
  65  4:46  Zergling x4  
  65  4:51  Zergling x2  
  68  4:57  Zergling x2  
  68  4:58  Zergling x12  
  69  5:07  Zergling x8  
  69  5:08  Zergling x2  
  69  5:12  Zergling x2  
  67  5:15  Zergling x2  
  67  5:20  Zergling x2  
  60  5:22  Queen  
  60  5:24  Zerg Melee Weapons Level 1, Zerg Ground Armor Level 1  
  60  5:25  Zergling x4  
  60  5:27  Queen  
  61  5:29  Zergling x2  
  61  5:33  Zergling x2  
  61  5:36  Zergling x2  
  61  5:42  Zergling x2  
  53  5:46  Zergling x2  
  54  5:50  Zergling x2  
  54  5:55  Zergling x10  
  59  6:04  Zergling x4  
  54  6:11  Zergling x4  
  45  6:15  Zergling x2  
  45  6:18  Drone  
  41  6:22  Drone  
  41  6:23  Drone  
  40  6:29  Zergling x8  
  43  6:34  Zergling x2  
  43  6:38  Zergling x6  
  43  6:39  Zergling x2  
  48  6:44  Zergling x4  
  48  6:47  Queen  
  48  6:48  Zergling x2  
  48  6:51  Zergling x4  
  48  6:52  Zergling x4  
  55  7:00  Drone x2  
  54  7:02  Lair  
  54  7:03  Drone  
  54  7:08  Drone x2  
  55  7:13  Drone  
  56  7:18  Drone  
  57  7:25  Drone  
  57  7:26  Drone  
  57  7:39  Overlord  
  57  7:40  Baneling Nest  
  56  7:47  Overlord x3  
  56  7:52  Drone  
  56  7:54  Overlord  
  56  7:57  Queen  
  59  8:01  Zerg Melee Weapons Level 2, Zerg Ground Armor Level 2  
  59  8:08  Zergling x2  
  59  8:09  Zergling x12  
  66  8:18  Overlord  
  66  8:21  Overlord  
  66  8:22  Hydralisk Den  
  66  8:23  Centrifical Hooks  
  65  8:31  Overlord  
  65  8:39  Drone x5  
  70  8:42  Drone x5  
  74  8:53  Zergling x6  
  74  8:55  Baneling x4  
  77  8:56  Baneling x2  
  77  8:57  Zergling x4  
  79  9:04  Hydralisk x2  
  79  9:05  Zergling x2  
  79  9:07  Baneling x2  
  79  9:08  Zergling x2  
  79  9:09  Zergling x4  
  87  9:25  Extractor  
  87  9:26  Extractor  
  85  9:32  Overlord x2  
  85  9:36  Zergling x16  
  85  9:37  Zergling x2  
  93  9:40  Hatchery  
  92  9:47  Hydralisk  
  92  9:48  Hydralisk  
  92  9:51  Baneling x3  
  96  9:58  Hatchery  
  89  10:11  Zergling x16  
  97  10:15  Zergling x4  
  99  10:25  Hydralisk x2  
  83  10:30  Zergling x4  
  79  10:37  Hydralisk  
  79  10:38  Zergling x4  
  82  10:43  Queen  
  84  10:50  Spine Crawler, Drone, Spore Crawler  
  84  10:51  Drone x2  
  84  10:53  Extractor  
  84  10:55  Drone  
  85  11:07  Hydralisk x3  
  90  11:11  Hatchery  
  90  11:12  Baneling x3  
  90  11:13  Queen  
  90  11:14  Drone x5  
  96  11:20  Drone  
  96  11:21  Drone  
  96  11:22  Extractor  
  96  11:23  Zergling x8  
  101  11:28  Baneling x5  
  101  11:39  Baneling x3  
  101  11:40  Zergling x14  
  101  11:41  Zergling x2  
  109  11:48  Zergling x10  
  109  11:54  Drone x3  
  113  12:13  Hydralisk x5  
  113  12:14  Zergling x2  
  113  12:15  Zergling x8  
  121  12:24  Hydralisk x3  
  121  12:25  Zergling x4  
  126  12:32  Zergling x4  
  126  12:34  Overlord x2  
  125  12:39  Baneling x5  
  125  12:40  Baneling  
  125  12:41  Zergling x2  
  125  12:42  Zergling x6  
  128  12:47  Zergling x4  
Tags
 
Add a new tag
Caveats
  • Supply blocks, unpowered buildings, or Contaminate may cause inaccurate times.
  • Supply counts are checked every 10 seconds.